 Dungeon Sprint DCSS version 0.29-a0-919-gd064cfad1c (webtiles) character file.

Game seed: 7118202847102807717

59944 rocky1 the Phalangite (level 14, -4/155 HPs)
             Began as a Minotaur Gladiator on July 27, 2022.
             Was the Champion of Okawaru.
             Slain by a rakshasa
             ... wielding a +0 long sword
              (18 damage)
             ... in the Dungeon (Sprint IX: "|||||||||||||||||||||||||||||").
             The game lasted 00:17:39 (6699 turns).

rocky1 the Phalangite (Minotaur Gladiator)          Turns: 6699, Time: 00:17:40

Health: -4/155     AC: 28    Str: 22    XL:     14   Next: 55%
Magic:  14/17      EV: 17    Int:  5    God:    Okawaru [******]
Gold:   30         SH:  0    Dex: 14    Spells: 13/13 levels left

rFire   . . .      SeeInvis .   e - +5 scythe "Finisher" {speed, eviscerate}
rCold   + . .      Faith    .   (shield currently unavailable)
rNeg    . . .      Spirit   .   D - +0 plate armour {rC+}
rPois   +          Reflect  .   c - +0 hat
rElec   .          Harm     .   H - +1 cloak "Foisme" {rCorr}
rCorr   +          Rampage  .   C - +2 pair of gloves
Will    +....      NoTele   +   p - +0 pair of boots
Stlth   ..........              (no amulet)
HPRegen 0.35/turn               r - +2 ring of evasion
MPRegen 0.15/turn               v - ring of poison resistance

@: no status effects
A: horns 2, retaliatory headbutt
a: Renounce Religion, Heroism, Finesse


You were in the Dungeon.
You worshipped Okawaru.
Okawaru was exalted by your worship.
You visited 1 branch You collected 1926 gold pieces.
You spent 1896 gold pieces at shops.

Inventory:

Hand Weapons
 a - a +0 morningstar of flaming
 b - the +3 great sword "Suly" {holy, *Corrode Fly rElec Int+5}
   (You bought it in a shop in the Dungeon)

   It has been blessed by the Shining One to cause great damage to the undead
   and demons.
   Int:       It affects your intelligence (+5).
   rElec:     It insulates you from electricity.
   Fly:       It grants you flight.
   *Corrode:  It may corrode you when you take damage.
 e - the +5 scythe "Finisher" (weapon) {speed, eviscerate}
   (Okawaru gifted it to you in the Dungeon)

   Attacks with this weapon are significantly faster.
   It may eviscerate those it strikes, slaying them instantly, with a decreasing
   chance against stronger foes.
 o - a +2 morningstar of protection
 q - a +1 eveningstar of holy wrath
 G - a +5 dire flail of holy wrath
Missiles
 d - 3 throwing nets
 m - 5 curare-tipped darts
 w - 5 javelins (quivered)
 x - 3 silver javelins
Armour
 c - a +0 hat (worn)
 p - a +0 pair of boots (worn)
 C - a +2 pair of gloves (worn)
 D - a +0 plate armour of cold resistance (worn)
 F - a +2 kite shield of reflection
 H - the +1 cloak "Foisme" (worn) {rCorr}
   (Okawaru gifted it to you in the Dungeon)

   rCorr:     It protects you from acid and corrosion.
Jewellery
 r - a +2 ring of evasion (left hand)
 s - a +3 ring of dexterity
 v - a ring of poison resistance (right hand)
 y - a +6 ring of strength
 E - a ring of willpower
Wands
 n - a wand of quicksilver (10)
Scrolls
 k - 3 scrolls of blinking
 u - 3 scrolls of fear
 z - 2 scrolls of enchant weapon
 A - a scroll of immolation
 B - 5 scrolls of enchant armour
Potions
 f - 6 potions of curing
 g - 2 potions of heal wounds
 h - a potion of haste
 i - 4 potions of magic
 j - a potion of berserk rage
 l - a potion of invisibility
 t - a potion of mutation


   Skills:
 + Level 22.3 Fighting
 - Level 19.5 Maces & Flails
 * Level 24.2 Polearms
 - Level 8.1 Throwing
 + Level 20.9 Armour
 + Level 19.8 Dodging
 - Level 2.2 Stealth
 - Level 5.4 Invocations


You had 13 spell levels left.
You didn't know any spells.
Your spell library was empty.

Dungeon Overview and Level Annotations

Branches:
Dungeon (1/1)

Altars:
Cheibriados
Dithmenos
Elyvilon
Fedhas
Gozag
Hepliaklqana
Kikubaaqudgha
Makhleb
Nemelex Xobeh
Okawaru
Qazlal
Ru
Sif Muna
Trog
Uskayaw
Vehumet
Wu Jian
Xom
Yredelemnul
Zin
The Shining One
Jiyva
Lugonu

Shops:
D [(?(


Innate Abilities, Weirdness & Mutations

You have a pair of horns on your head.
You reflexively headbutt those who attack you in melee.


Message History

You slice the cyan very ugly thing!!
You kill the cyan very ugly thing!
Okawaru accepts your kill. The ettin closely misses you. The ettin misses you.
The rakshasa gestures at you. The lance of force misses you.
The lance of force hits the ettin!!
The ettin is knocked back by the lance of force.
You see here a very ugly thing corpse.
You slash the ettin!
The ettin is heavily wounded.
You slice the ettin!!
The ettin is almost dead.
You impale the ettin!!
You kill the ettin!
Okawaru accepts your kill.
The rakshasa hits you but does no damage.
The rakshasa attacks as you move away!
The rakshasa hits you with a +0 long sword!
* * * LOW HITPOINT WARNING * * *
Things that are here:
a +0 dire flail; a +0 dire flail; an ettin corpse You miss the rakshasa.
You headbutt the rakshasa.
The rakshasa is lightly wounded.
You slash the rakshasa!
The rakshasa is lightly wounded.
You feel like a meek peon again.
The rakshasa hits you with a +0 long sword!
* * * LOW HITPOINT WARNING * * *
You puncture the rakshasa!
You headbutt the rakshasa, but do no damage.
The rakshasa is moderately wounded.
You puncture the rakshasa! You headbutt the rakshasa.
The rakshasa is heavily wounded.
The injured rakshasa weaves a defensive illusion!
You closely miss the rakshasa.
The rakshasa is heavily wounded.
You barely miss the rakshasa. You headbutt the rakshasa.
The rakshasa is severely wounded.
The rakshasa hits you with a +0 long sword!!
You die...

)))))))).[[[[[[[[..........(.))))
▓▓▓▓▓▓▓▓▓▓▓▓▓▓▓▓▓▓▓▓▓▓▓▓▓▓▓▓▓▓▓▓▓
)(...............................
▓▓▓▓▓▓▓▓▓▓♣♣♣♣♣♣♣♣♣♣▓▓▓▓▓▓▓▓▓▓▓▓▓
'.)))))..['.........')))[))...'..
▓▓▓▓▓▓▓▓▓▓♣♣♣♣♣♣♣♣♣♣▓▓▓▓▓▓▓▓▓▓▓▓▓
.................................
▓▓▓▓▓▓▓▓▓▓▓▓▓▓▓▓▓▓▓▓▓▓▓▓▓▓▓▓▓▓▓▓▓
..†)†.([)).†.)RR@....+
▓▓▓▓▓▓▓▓▓▓▓▓▓▓▓▓▓▓▓▓▓▓


You could see 2 rakshasas.

Vanquished Creatures
  A tentacled monstrosity (D)
  Rupert (D)
  2 sphinxes (D)
  Agnes (D)
  Donald (D)
  A fire giant (D)
  An emperor scorpion (D)
  2 frost giants (D)
  Aizul (D)
  2 stone giants (D)
  3 very ugly things (D)
  A vampire knight (D)
  An eleionoma (D)
  A bunyip (D)
  A spark wasp (D)
  A dire elephant (D)
  2 ettins (D)
  3 merfolk javelineers (D)
  An ice dragon (D)
  A spriggan air mage (D)
  2 rakshasas (D)
  6 hydras (D)
  A salamander tyrant (D)
  5 ogre magi (D)
  Erica (D)
  3 boulder beetles (D)
  A catoblepas (D)
  2 centaur warriors (D)
  An anaconda (D)
  A naga warrior (D)
  5 two-headed ogres (D)
  A merfolk aquamancer (D)
  A deep troll shaman (D)
  An orc high priest (D)
  A spriggan berserker (D)
  Sonja (D)
  A pharaoh ant (D)
  A sea snake (D)
  A swamp dragon (D)
  A steelbarb worm (D)
  4 lindwurms (D)
  A spriggan druid (D)
  2 naga ritualists (D)
  A bog body (D)
  A necromancer (D)
  2 orc knights (D)
  2 ugly things (D)
  A cyclops (D)
  A manticore (D)
  A merfolk siren (D)
  A black mamba (D)
  A naga mage (D)
  5 cane toads (D)
  2 torpor snails (D)
  A komodo dragon (D)
  A rime drake (D)
  A tengu conjurer (D)
  A komodo dragon (shapeshifter) (D)
  2 trolls (D)
  A merfolk (D)
  2 slime creatures (D)
  A polar bear (shapeshifter) (D)
  A tarantella (D)
  2 tyrant leeches (D)
  A snapping turtle (D)
  A wraith (D)
  A shadow (D)
  3 yaks (D)
  A basilisk (D)
  Grum (D)
  A steam dragon (D)
  2 redbacks (D)
  A vampire mosquito (D)
  3 nagas (D)
  An acid dragon (D)
  3 water moccasins (D)
  11 orc warriors (D)
  A black bear (D)
  4 ogres (D)
  4 wolves (D)
  A bullfrog (D)
  A howler monkey (D)
  3 orc priests (D)
  2 iguanas (D)
  5 orc wizards (D)
  An ufetubus (D)
  3 worms (D)
  3 orcs (D)
  A ball python (D)
  An endoplasm (D)
  A giant cockroach (D)
  A hobgoblin (D)
  A quokka (D)
  A rat (D)
167 creatures vanquished.

Vanquished Creatures (others)
  A pharaoh ant (D)
  A bloated husk (D)
2 creatures vanquished.

Grand Total: 169 creatures vanquished

Notes
Turn   | Place    | Note
-------+----------+-------------------------------------------
     0 | D        | rocky1 the Minotaur Gladiator began the quest for the Orb.
     0 | D        | Reached XP level 1. HP: 18/18 MP: 0/0
   135 | D        | Noticed a howler monkey
   135 | D        | Noticed an iguana
   135 | D        | Noticed an iguana
   143 | D        | Killed a howler monkey
   144 | D        | Reached skill level 5 in Dodging
   144 | D        | Reached XP level 2. HP: 21/26 MP: 1/1
   144 | D        | Reached XP level 3. HP: 25/31 MP: 2/2
   154 | D        | Reached skill level 1 in Armour
   154 | D        | Reached XP level 4. HP: 8/40 MP: 3/3
   165 | D        | Found a snail-covered altar of Cheibriados.
   165 | D        | Found a shadowy altar of Dithmenos.
   165 | D        | Found a white marble altar of Elyvilon.
   165 | D        | Found a blossoming altar of Fedhas.
   165 | D        | Found an opulent altar of Gozag.
   408 | D        | Found a hazy altar of Hepliaklqana.
   409 | D        | Found a viscous altar of Jiyva.
   410 | D        | Found an ancient bone altar of Kikubaaqudgha.
   411 | D        | Found a corrupted altar of Lugonu.
   412 | D        | Found a burning altar of Makhleb.
   413 | D        | Found a sparkling altar of Nemelex Xobeh.
   414 | D        | Found an iron altar of Okawaru.
   415 | D        | Found a stormy altar of Qazlal.
   416 | D        | Found a sacrificial altar of Ru.
   417 | D        | Found a shimmering blue altar of Sif Muna.
   418 | D        | Found a bloodstained altar of Trog.
   419 | D        | Found a hide-covered altar of Uskayaw.
   420 | D        | Found a radiant altar of Vehumet.
   421 | D        | Found an ornate altar of the Wu Jian Council.
   422 | D        | Became a worshipper of Warmaster Okawaru
   423 | D        | Found a shimmering altar of Xom.
   424 | D        | Found a basalt altar of Yredelemnul.
   425 | D        | Found a glowing silver altar of Zin.
   426 | D        | Found a glowing golden altar of the Shining One.
   471 | D        | Noticed a steam dragon
   471 | D        | Noticed an acid dragon
   471 | D        | Noticed a troll
   471 | D        | Noticed a yak
   471 | D        | Noticed a wraith
   471 | D        | Noticed a yak
   475 | D        | Killed an acid dragon
   475 | D        | Reached * piety under Okawaru
   476 | D        | Reached skill level 5 in Fighting
   476 | D        | Reached XP level 5. HP: 38/50 MP: 4/4
   479 | D        | Killed a steam dragon
   480 | D        | Reached skill level 10 in Maces & Flails
   480 | D        | Reached XP level 6. HP: 35/58 MP: 5/5
   482 | D        | Killed a troll
   482 | D        | Reached ** piety under Okawaru
   485 | D        | Killed a yak
   486 | D        | Reached skill level 5 in Throwing
   486 | D        | Reached skill level 5 in Armour
   486 | D        | Reached XP level 7. HP: 34/66 MP: 6/6
   494 | D        | Killed a wraith
   495 | D        | Reached skill level 10 in Dodging
   501 | D        | HP: 2/68 [yak (2)]
   503 | D        | Killed a yak
   503 | D        | Reached *** piety under Okawaru
   827 | D        | Noticed a troll
   827 | D        | Noticed a six-headed hydra
   827 | D        | Noticed a purple ugly thing
   827 | D        | Noticed a slime creature
   827 | D        | Noticed a shadow
   827 | D        | Noticed a two-headed ogre
   833 | D        | Killed a six-headed hydra
   834 | D        | Reached skill level 15 in Maces & Flails
   834 | D        | Reached XP level 8. HP: 78/78 MP: 7/7
   839 | D        | Killed a troll
   839 | D        | Reached **** piety under Okawaru
   856 | D        | Killed a purple ugly thing
   857 | D        | Reached skill level 10 in Fighting
   857 | D        | Reached XP level 9. HP: 56/85 MP: 8/8
   863 | D        | Received a gift from Okawaru
   864 | D        | Reached skill level 1 in Stealth
   872 | D        | Killed a two-headed ogre
   873 | D        | Reached skill level 10 in Armour
  1043 | D        | Noticed Erica
  1057 | D        | Killed Erica
  1057 | D        | Reached ***** piety under Okawaru
  1221 | D        | Noticed a cane toad
  1221 | D        | Noticed a torpor snail
  1221 | D        | Noticed a cane toad
  1221 | D        | Noticed a black mamba
  1223 | D        | Noticed a cane toad
  1225 | D        | Killed a cane toad
  1225 | D        | Received a gift from Okawaru
  1226 | D        | Reached XP level 10. HP: 90/97 MP: 9/9
  1252 | D        | Noticed a cane toad
  1259 | D        | Killed a torpor snail
  1262 | D        | Killed a cane toad
  1262 | D        | Received a gift from Okawaru
  1262 | D        | Found the +5 scythe "Finisher" {speed, eviscerate}
  1265 | D        | Killed a black mamba
  1270 | D        | Killed a cane toad
  1271 | D        | Reached skill level 1 in Invocations
  1272 | D        | Killed a cane toad
  1354 | D        | Noticed a catoblepas
  1354 | D        | Noticed a six-headed hydra
  1354 | D        | Noticed a boulder beetle
  1359 | D        | Noticed a cane toad
  1370 | D        | Reached skill level 1 in Polearms
  1385 | D        | Killed a catoblepas
  1386 | D        | Reached skill level 3 in Polearms
  1392 | D        | Killed a six-headed hydra
  1393 | D        | Reached skill level 4 in Polearms
  1401 | D        | Reached skill level 5 in Polearms
  1409 | D        | Killed a cane toad
  1409 | D        | Received a gift from Okawaru
  1410 | D        | Reached XP level 11. HP: 37/111 MP: 4/12
  1697 | D        | Killed a boulder beetle
  1698 | D        | Reached skill level 6 in Polearms
  1821 | D        | Noticed a lindwurm
  1821 | D        | Noticed a lindwurm
  1821 | D        | Noticed a lindwurm
  1830 | D        | Killed a lindwurm
  1831 | D        | Reached skill level 7 in Polearms
  1838 | D        | Killed a lindwurm
  1839 | D        | Reached skill level 15 in Fighting
  1847 | D        | Noticed a lindwurm
  1856 | D        | Killed a lindwurm
  1857 | D        | Reached skill level 8 in Polearms
  1860 | D        | HP: 1/112 [lindwurm (14)]
  1867 | D        | Killed a lindwurm
  2321 | D        | Noticed Grum
  2330 | D        | Killed Grum
  2331 | D        | Reached skill level 5 in Invocations
  2376 | D        | Noticed an orc knight
  2387 | D        | Killed an orc knight
  2388 | D        | Reached skill level 9 in Polearms
  2653 | D        | Noticed an orc knight
  2653 | D        | Noticed an orc high priest
  2655 | D        | Noticed a sixfirhy
  2666 | D        | Killed an orc knight
  2679 | D        | Killed an orc high priest
  2680 | D        | Reached skill level 10 in Polearms
  2684 | D        | Received a gift from Okawaru
  3086 | D        | Found Leiweak's Armour Emporium.
  3086 | D        | Noticed a two-headed ogre
  3086 | D        | Noticed a two-headed ogre
  3086 | D        | Noticed a two-headed ogre
  3086 | D        | Noticed an ogre mage
  3087 | D        | Noticed an ogre mage
  3090 | D        | Killed a two-headed ogre
  3091 | D        | Reached skill level 11 in Polearms
  3093 | D        | Killed a two-headed ogre
  3096 | D        | Killed a two-headed ogre
  3096 | D        | Identified the +1 pair of gloves of Ficecykk {rPois rC-
                  | rN++ Int+2} (Okawaru gifted it to you in the Dungeon)
  3096 | D        | Received a gift from Okawaru
  3096 | D        | Reached ****** piety under Okawaru
  3097 | D        | Reached skill level 12 in Polearms
  3097 | D        | Reached XP level 12. HP: 111/124 MP: 7/15
  3101 | D        | Killed an ogre mage
  3102 | D        | Found Joaxkenad's Antique Weapon Shoppe.
  3105 | D        | Killed an ogre mage
  3109 | D        | Found Kalaigre's Magic Scroll Emporium.
  3114 | D        | Found Amucheb's Antique Weapon Shoppe.
  3116 | D        | Noticed a two-headed ogre
  3121 | D        | Noticed an ogre mage
  3127 | D        | Killed a two-headed ogre
  3128 | D        | Reached skill level 13 in Polearms
  3128 | D        | Reached skill level 15 in Armour
  3128 | D        | Paralysed by something for 4 turns
  3137 | D        | Killed an ogre mage
  3139 | D        | Noticed an ogre mage
  3141 | D        | Noticed an ogre mage
  3143 | D        | Paralysed by an ogre mage for 5 turns
  3154 | D        | Killed an ogre mage
  3160 | D        | Killed an ogre mage
  3161 | D        | Reached skill level 14 in Polearms
  3499 | D        | Bought a runed eveningstar for 558 gold pieces
  3501 | D        | Bought a scroll of enchant weapon for 105 gold pieces
  3501 | D        | Bought a scroll of blinking for 105 gold pieces
  3501 | D        | Bought a scroll of enchant weapon for 105 gold pieces
  3501 | D        | Bought a scroll of immolation for 56 gold pieces
  3501 | D        | Bought a scroll of enchant armour for 105 gold pieces
  3507 | D        | Bought a +2 pair of gloves for 181 gold pieces
  3507 | D        | Bought a +0 plate armour of cold resistance for 330 gold
                  | pieces
  3532 | D        | Bought a runed morningstar for 133 gold pieces
  3532 | D        | Bought a jewelled great sword for 218 gold pieces
  3532 | D        | Identified the +3 great sword "Suly" {holy, *Corrode Fly
                  | rElec Int+5} (You bought it in a shop in the Dungeon)
  3591 | D        | Noticed Sonja
  3601 | D        | Killed Sonja
  3602 | D        | Reached skill level 15 in Dodging
  3720 | D        | Noticed a centaur warrior
  3724 | D        | Noticed a centaur warrior
  3738 | D        | Noticed a stone giant
  3741 | D        | Killed a centaur warrior
  3742 | D        | Reached skill level 15 in Polearms
  3745 | D        | Noticed a spriggan air mage
  3747 | D        | Killed a centaur warrior
  3750 | D        | Noticed a two-headed ogre
  3750 | D        | a shock serpent changed into a two-headed ogre
  3755 | D        | a two-headed ogre changed into a snapping turtle
  3765 | D        | Killed a stone giant
  3765 | D        | Noticed a fire giant
  3770 | D        | Noticed a sphinx
  3772 | D        | Reached skill level 16 in Polearms
  3774 | D        | Noticed a rakshasa
  3784 | D        | Killed a spriggan air mage
  3784 | D        | Received a gift from Okawaru
  3805 | D        | Killed a fire giant
  3818 | D        | Killed a sphinx
  3819 | D        | Reached skill level 17 in Polearms
  3830 | D        | Killed a rakshasa
  3831 | D        | Reached XP level 13. HP: 15/136 MP: 16/16
  4347 | D        | Noticed Rupert
  4350 | D        | Paralysed by Rupert for 3 turns
  4354 | D        | Killed Rupert
  4415 | D        | Noticed Aizul
  4425 | D        | Killed Aizul
  4760 | D        | Noticed Donald
  4765 | D        | Killed Donald
  4765 | D        | Received a gift from Okawaru
  4766 | D        | Reached skill level 18 in Polearms
  4885 | D        | Received a gift from Okawaru
  4896 | D        | Reached skill level 19 in Polearms
  5353 | D        | Noticed an eleionoma
  5353 | D        | Noticed a bunyip
  5378 | D        | Killed an eleionoma
  5384 | D        | Killed a bunyip
  5468 | D        | Noticed an emperor scorpion
  5476 | D        | Killed an emperor scorpion
  5477 | D        | Reached skill level 20 in Polearms
  5613 | D        | Noticed a dire elephant
  5621 | D        | Killed a dire elephant
  5941 | D        | Noticed a merfolk javelineer
  5941 | D        | Noticed a merfolk javelineer
  5942 | D        | Noticed a merfolk javelineer
  5953 | D        | Killed a merfolk javelineer
  5959 | D        | Killed a merfolk javelineer
  5960 | D        | Reached skill level 21 in Polearms
  5971 | D        | Killed a merfolk javelineer
  5971 | D        | Identified the +1 cloak "Foisme" {rCorr} (Okawaru gifted it
                  | to you in the Dungeon)
  5971 | D        | Received a gift from Okawaru
  6262 | D        | Reached XP level 14. HP: 95/149 MP: 17/17
  6290 | D        | Reached skill level 22 in Polearms
  6517 | D        | Noticed Agnes
  6523 | D        | Killed Agnes
  6605 | D        | Noticed a brown very ugly thing
  6605 | D        | Noticed a purple very ugly thing
  6605 | D        | Noticed a stone giant
  6605 | D        | Noticed a sphinx
  6606 | D        | Noticed a tentacled monstrosity
  6615 | D        | Killed a brown very ugly thing
  6627 | D        | Killed a purple very ugly thing
  6628 | D        | Noticed a frost giant
  6629 | D        | Killed a tentacled monstrosity
  6636 | D        | Killed a stone giant
  6637 | D        | Reached skill level 23 in Polearms
  6641 | D        | Killed a sphinx
  6651 | D        | Noticed a frost giant
  6658 | D        | Killed a frost giant
  6658 | D        | Identified the +4 ring mail "Cenoddau" {+Blink rElec Int+4
                  | Slay+6} (Okawaru gifted it to you in the Dungeon)
  6658 | D        | Received a gift from Okawaru
  6670 | D        | Killed a frost giant
  6672 | D        | Noticed a cyan very ugly thing
  6672 | D        | Noticed a vampire knight
  6680 | D        | Killed a vampire knight
  6681 | D        | Reached skill level 24 in Polearms
  6687 | D        | Killed a cyan very ugly thing
  6699 | D        | Slain by a rakshasa

Illustrated notes

Levels and vault maps discovered:
D:        linesprint [early_d, line_temple, items_1, d_10, items_2, lair_1,
          lair_end, items_3, orc_1, orc_end, items_4, d_15, swamp_1, shoals_1,
          snake_1, spider_1, d_20, vaults_1, items_5, swamp_end, shoals_end,
          snake_end, spider_end, vaults_end, d_27, items_6, zot_1, zot_end,
          crypt_end, forest_end, elf_end, slime_end, tomb_end, abyss_end,
          pan_hell_end]

Skill      XL: |  1  2  3  4  5  6  7  8  9 10 11 12 13 14 |
---------------+-------------------------------------------+-----
Maces & Flails | 6 7 9 10 12 15 16 18 19 | 19.5
Dodging        | 5 6 7 8 9 10 11 12 14 16 18 19 | 19.8
Fighting       | 3 4 5 6 7 9 10 12 14 16 18 20 22 | 22.3
Throwing       | 3 4 5 6 8 |  8.1
Armour         | 1 3 4 5 7 9 11 12 14 16 19 20 | 20.9
Stealth        | 1 2 |  2.2
Invocations    | 3 5 |  5.4
Polearms       | 5 12 17 21 24 | 24.2

Action                   |  1- 3 |  4- 6 |  7- 9 | 10-12 | 13-15 || total
-------------------------+-------+-------+-------+-------+-------++-------
Melee: Flail             |    21 |     4 |       |       |       ||    25
       Headbutt          |     2 |     5 |    15 |    85 |    57 ||   164
       Morningstar       |       |    13 |    69 |   339 |       ||   421
       Punch             |       |     1 |     1 |     8 |       ||    10
       Scythe            |       |       |       |       |   246 ||   246
Throw: Javelin           |     1 |       |     4 |     6 |       ||    11
       Throwing net      |     1 |       |       |       |       ||     1
Invok: Heroism           |       |       |     1 |     7 |     3 ||    11
       Finesse           |       |       |       |     3 |     2 ||     5
  Use: Potion            |       |       |     1 |     4 |     6 ||    11
Armor: Leather armour    |     5 |       |       |       |       ||     5
       Scale mail        |       |     4 |    27 |    36 |       ||    67
       Plate armour      |       |       |       |    40 |    91 ||   131
Dodge: Dodged            |    21 |    13 |    34 |   184 |   110 ||   362

Table legend: (Time is in decaauts)
 A = Elapsed time spent in this place.
 B = Non-inter-level travel time spent in this place.
 C = Inter-level travel time spent in this place.
 D = Time resting spent in this place.
 E = Time spent auto-exploring this place.
 F = Levels seen in this place.
 G = Mean time per level.
                   A        B        C        D        E       F      G
               +--------+--------+--------+--------+--------+-----+--------+
         Total |   6443 |   6443 |      0 |   4681 |      0 |   1 | 6443.0 |
       Dungeon |   6443 |   6443 |      0 |   4681 |      0 |   1 | 6443.0 |
               +--------+--------+--------+--------+--------+-----+--------+

Top non-repeatable levels by time:
       D: 6443 daAuts
